 Dungeon Crawl Stone Soup version 0.27.0-1-g7a089689b8 (webtiles) character file.

Game seed: 1437694945268072525

24 Alakanar the Magician (level 3, 0/25 HPs)
             Began as a Djinni Necromancer on Aug 4, 2021.
             Slain by a kobold (2 damage)
             ... on level 1 of the Dungeon.
             The game lasted 00:03:51 (1350 turns).

Alakanar the Magician (Djinni Necromancer)          Turns: 1350, Time: 00:03:52

Health: 0/25       AC:  2    Str:  7    XL:     3   Next: 15%
Gold:   17         EV: 12    Int: 17    God:
                   SH:  0    Dex: 13

rFire    + + .     SeeInvis .   (no weapon)
rCold    x . .     Faith    .   (no shield)
rNeg     . . .     Spirit   .   a - +0 robe
rPois    ∞         Reflect  .   (no helmet)
rElec    .         Harm     .   (no cloak)
rCorr    .         Rampage  .   (no gloves)
Will     .....                  (boots unavailable)
Stlth    ++........             (no amulet)
HPRegen  0.08/turn              (no ring)
MPRegen  0.00/turn              (no ring)

@: flying
A: sickness immunity, fire resistance 2, cold vulnerability 1, float, innate
caster, hp casting, extra vitality 1
a: no special abilities


You were on level 1 of the Dungeon.
You visited 1 branch of the dungeon, and saw 1 of its levels.

You collected 17 gold pieces.

Inventory:

Hand Weapons
 f - a +0 dagger
Missiles
 d - 5 stones
 e - 18 sling bullets
Armour
 a - a +0 robe (worn)
Scrolls
 b - a scroll of summoning {unknown}
 c - 2 scrolls of identify {unknown}
 g - a scroll of enchant armour {unknown}


   Skills:
 + Level 2.2 Dodging
 + Level 1.8 Stealth
 + Level 3.8 Spellcasting


You couldn't memorise any spells.
You knew the following spells:

 Your Spells              Type           Power      Damage    Failure   Level
a - Pain                  Necr           64%        1d7       3%          1
b - Animate Skeleton      Necr           32%        N/A       3%          1
c - Vampiric Draining     Necr           8%         2d7       10%         3
d - Animate Dead          Necr           8%         N/A       32%         4
e - Agony                 Necr           16%        N/A       67%         5
f - Corona                Hex            17%        N/A       3%          1
Your spell library was empty.

Dungeon Overview and Level Annotations

Branches:
Dungeon (1/15)

Altars:


Innate Abilities, Weirdness & Mutations

You are immune to sickness and miasma.
You are immune to poison.
Your flesh is very heat resistant. (rF++)
You are vulnerable to cold. (rC-)
You float through the air rather than walking.
You learn spells naturally, not from books.
Your magical power is your life essence.
You have superior vitality. (+4 HP)


Message History

The hobgoblin closely misses you. The hobgoblin hits you.
Casting: Pain (safe; 3% risk of failure)
Confirm with . or Enter, or press ? or * to list all spells.
Aiming: Pain (safe; 3% risk of failure)
Press: ? - help, Shift-Dir - straight line, f - hobgoblin
Aim: a hobgoblin (chance to affect: 87%)
The hobgoblin writhes in agony.
The hobgoblin hits you.
Casting: Pain (safe; 3% risk of failure)
Confirm with . or Enter, or press ? or * to list all spells.
Aiming: Pain (safe; 3% risk of failure)
Press: ? - help, Shift-Dir - straight line, f/p - hobgoblin
Aim: a hobgoblin (moderately wounded, chance to affect: 87%)
The hobgoblin writhes in agony.
You kill the hobgoblin!
Casting: Pain (safe; 3% risk of failure)
Confirm with . or Enter, or press ? or * to list all spells.
Aiming: Pain (safe; 3% risk of failure)
Press: ? - help, Shift-Dir - straight line, f - endoplasm
Aim: an endoplasm (chance to affect: 87%)
The endoplasm writhes in agony.
Casting: Pain (safe; 3% risk of failure)
Confirm with . or Enter, or press ? or * to list all spells.
Aiming: Pain (safe; 3% risk of failure)
Press: ? - help, Shift-Dir - straight line, f/p - endoplasm
Aim: an endoplasm (severely wounded, chance to affect: 87%)
The endoplasm writhes in agony.
* * * LOW HITPOINT WARNING * * *
The endoplasm closely misses you. The kobold hits you with a +0 dagger.
* * * LOW HITPOINT WARNING * * *
Unknown command.
Casting: Pain (safe; 3% risk of failure)
Confirm with . or Enter, or press ? or * to list all spells.
Aiming: Pain (safe; 3% risk of failure)
Press: ? - help, Shift-Dir - straight line, f - kobold, p - endoplasm
Aim: a kobold, wielding a +0 dagger (chance to affect: 87%)
Okay, then.
Unknown command.
The kobold hits you with a +0 dagger.
You die...

......###...#
....###
##.###...#
....8#
#.##..#.#
.8...#
#.#....⌠####
.)..8#
..........#
....##
#.._.⌠##.#
8####
#........# ##
#⌠..K†##.####
#...J@......#
#.######.##.#
#.# #.# #.#
...######.##
#.........# #
....######.#.#
. .######†#.#


You could see an endoplasm and a kobold.

Vanquished Creatures
  A dart slug (D:1)
  3 ball pythons (D:1)
  3 bats (D:1)
  An endoplasm (D:1)
  2 giant cockroaches (D:1)
  2 goblins (D:1)
  3 hobgoblins (D:1)
  A quokka (D:1)
  2 frilled lizards (D:1)
  A kobold (D:1)
19 creatures vanquished.

Vanquished Creatures (collateral kills)
  A goblin (D:1)
  A rat (D:1)
2 creatures vanquished.

Grand Total: 21 creatures vanquished

Notes
Turn   | Place    | Note
-------+----------+-------------------------------------------
     0 | D:1      | Alakanar the Djinni Necromancer began the quest for the
                  | Orb.
     0 | D:1      | Reached XP level 1. HP: 15/15 MP: 0/0
   235 | D:1      | Reached XP level 2. HP: 9/21 MP: 0/0
  1229 | D:1      | Reached XP level 3. HP: 19/25 MP: 0/0
  1229 | D:1      | Learned a level 1 spell: Corona
  1340 | D:1      | Found a faded altar of an unknown god.
  1350 | D:1      | Slain by a kobold

Illustrated notes

Levels and vault maps discovered:
D:1:      mrwooster_arrival_statue_2, layout_loops_ring,
          hellmonk_ecumenical_altar_run_dry, minmay_worlds_worst_comb

Action                   || total
-------------------------++-------
Melee: Unarmed           ||     2
 Cast: Pain              ||    35
       Animate Skeleton  ||     5
Armor: Robe              ||     1
Dodge: Dodged            ||    12
